 Dungeon Crawl Stone Soup version 0.28-a0-514-g0d7ab7f379 (webtiles) character file.

Game seed: 18279601722327341947

448 avis the Cudgeller (level 7, -12/72 HPs)
             Began as an Ogre Warper on Sept 23, 2021.
             Mangled by Blork the orc (16 damage)
             ... on level 4 of the Dungeon.
             The game lasted 00:23:58 (5516 turns).

avis the Cudgeller (Ogre Warper)                    Turns: 5516, Time: 00:23:59

Health: -12/72     AC:  3    Str: 16    XL:     7   Next: 3%
Magic:  8/11       EV: 10    Int: 16    God:
Gold:   151        SH:  0    Dex: 10    Spells: 7/12 levels left

rFire   . . .      SeeInvis .   w - +3 trident of Woozxuxi {chaos, Dex+2}
rCold   . . .      Faith    .   (no shield)
rNeg    . . .      Spirit   .   l - +0 robe
rPois   .          Reflect  .   (helmet restricted)
rElec   .          Harm     .   (no cloak)
rCorr   +          Rampage  .   (gloves unavailable)
Will    .....                   (boots unavailable)
Stlth   +.........              (no amulet)
HPRegen 0.22/turn               i - ring of resist corrosion
MPRegen 0.12/turn               q - ring of flight

@: flying, very slightly contaminated
A: large, unfitting armour, tough skin 1
a: no special abilities


You were on level 4 of the Dungeon.
You visited 1 branch of the dungeon, and saw 5 of its levels.

You collected 151 gold pieces.

Inventory:

Hand Weapons
 a - a +0 flail
 b - a +0 hunting sling
 j - a +0 whip
 r - a +1 mace
 w - the +3 trident of Woozxuxi (weapon) {chaos, Dex+2}
   (You found it on level 4 of the Dungeon)

   Each time it hits an enemy it has a different, random effect.
   Dex:       It affects your dexterity (+2).
Missiles
 d - 95 stones
 e - 34 sling bullets
 f - 2 boomerangs
 m - a poisoned dart (quivered)
 n - 35 arrows
Armour
 l - a +0 robe (worn)
Jewellery
 i - a ring of resist corrosion (left hand)
 q - a ring of flight (right hand)
Wands
 u - a wand of flame (6)
Scrolls
 c - a scroll of blinking
 t - a scroll of fear {unknown}
 x - a scroll of teleportation
 y - a scroll of amnesia {unknown}
 z - a scroll of immolation {unknown}
 A - a scroll of identify
Potions
 g - 2 potions of attraction
 h - 2 potions of degeneration
 k - 2 potions of lignification
 o - a potion of curing
 p - 2 potions of ambrosia {unknown}
 s - a potion of might {unknown}
 v - a potion of flight {unknown}
 B - a potion of haste {unknown}


   Skills:
 - Level 5.0 Fighting
 * Level 5.8 Maces & Flails
 - Level 1.0 Throwing
 - Level 2.1 Dodging
 - Level 3.0 Spellcasting
 + Level 2.6 Translocations


You had 7 spell levels left.
You knew the following spells:

 Your Spells              Type           Power      Damage    Failure   Level
b - Blink                 Tloc           N/A        N/A       10%         2
o - Teleport Other        Tloc           11%        N/A       19%         3

Your spell library contained the following spells:

 Spells                   Type           Power      Damage    Failure   Level
 Gell's Gravitas          Tloc           5%         N/A       19%         3
 Lesser Beckoning         Tloc           11%        N/A       19%         3
 Manifold Assault         Tloc           11%        N/A       86%         5


Dungeon Overview and Level Annotations

Branches:
Dungeon (5/15)
 Temple: D:4-7

Altars:

Annotations:
D:2 Terence
D:4 Blork the orc


Innate Abilities, Weirdness & Mutations

You are too large for most types of armour.
You have tough skin. (AC +1)


Message History

Aim: Blork the orc, wielding a +4 glaive of freezing and wearing a +0 robe (61% to hit)
You throw a poisoned dart. The poisoned dart hits Blork the orc.
Blork the orc is poisoned.
Throw: 2 darts (poison)
Press: ? - help, Q - select action, (/) - cycle Shift-Dir - straight line, f/p - Blork the orc
Aim: Blork the orc, wielding a +4 glaive of freezing and wearing a +0 robe (lightly wounded, poisoned, 61% to hit)
You throw a poisoned dart. The poisoned dart hits Blork the orc.
Blork the orc looks even sicker.
Blork the orc is lightly wounded.
You reach to attack!
You barely miss Blork the orc.
Blork the orc is lightly wounded.
Blork the orc gestures wildly while chanting.
Blork the orc seems to speed up.
You reach to attack!
You hit Blork the orc.
Blork the orc easily resists.
Blork the orc is lightly wounded.
A ball python comes into view.
Blork the orc hits you from afar with a +4 glaive of freezing!
Blork the orc freezes you.
Blork the orc hits you from afar with a +4 glaive of freezing!
Blork the orc freezes you.
Casting: Teleport Other (dangerous; 19% risk of failure)
Confirm with . or Enter, or press ? or * to list all spells.
Aiming: Teleport Other (dangerous; 19% risk of failure)
Press: ? - help, Shift-Dir - straight line, f/p - Blork the orc
Aim: Blork the orc, wielding a +4 glaive of freezing and wearing a +0 robe (lightly wounded, fast, very poisoned, chance to affect: 47%)
You miscast Teleport Other.
You are very lightly contaminated with residual magic.
Nothing appears to happen.
The ball python hisses angrily.
Blork the orc hits you from afar with a +4 glaive of freezing!
Blork the orc freezes you.
Blork the orc hits you from afar with a +4 glaive of freezing!
* * * LOW HITPOINT WARNING * * *
Blork the orc freezes you.
* * * LOW HITPOINT WARNING * * *
Blork the orc casts a spell at you. The magic dart hits you!
* * * LOW HITPOINT WARNING * * *
Blork the orc hits you from afar with a +4 glaive of freezing!
You die...

##.#.P#
#...(....# .....#
#..P.(...# ..#..#
+... #..# #.##.#
#.⌠. #S.# #.##.#
#... #..#
#.##.####..# #..#
#.##.......# #o.#
..##...P...+ #.##
####.####..# #@#
####.+ #..#####.#
...#.# #...#..#.#
#...####..P'..#.#
#..........####.#
#.#.............#
#.......######..#
##.......# #.##
.........# #.#


You could see Blork the orc (fast, poisoned) and a ball python.

Vanquished Creatures
  A necrophage (D:5)
  2 jellies
  Ijyb (D:4)
  Natasha (thrice) (D:3)
  An iguana (D:5)
  4 gnolls
  4 adders
  An ufetubus (D:3)
  A worm (D:3)
  4 dart slugs (D:2)
  An orc (D:3)
  9 ball pythons
  An endoplasm (D:4)
  2 giant cockroaches
  4 goblins
  14 hobgoblins
  6 jackals
  2 quokkas
  3 bats
  5 frilled lizards
  8 kobolds
  6 rats
83 creatures vanquished.

Notes
Turn   | Place    | Note
-------+----------+-------------------------------------------
     0 | D:1      | avis the Ogre Warper began the quest for the Orb.
     0 | D:1      | Reached XP level 1. HP: 22/22 MP: 3/3
   165 | D:1      | Reached XP level 2. HP: 31/31 MP: 5/5
   276 | D:1      | You fall into a shaft and drop 1 floor!
   433 | D:2      | Reached XP level 3. HP: 34/37 MP: 6/6
   436 | D:2      | Learned a level 2 spell: Blink
   440 | D:2      | Learned a level 3 spell: Teleport Other
  1142 | D:2      | Noticed Terence
  2012 | D:2      | Reached XP level 4. HP: 38/48 MP: 7/7
  2836 | D:3      | Reached XP level 5. HP: 53/54 MP: 8/8
  3003 | D:3      | Noticed Natasha
  3007 | D:3      | Killed Natasha
  3233 | D:3      | Noticed Natasha
  3234 | D:3      | Killed Natasha
  3849 | D:3      | Reached skill level 5 in Fighting
  3857 | D:3      | Reached XP level 6. HP: 47/66 MP: 9/9
  3869 | D:3      | Noticed Natasha
  4222 | D:3      | Killed Natasha
  4513 | D:4      | Noticed Ijyb
  4547 | D:4      | Killed Ijyb
  4861 | D:4      | Identified the +3 trident of Woozxuxi {chaos, Dex+2}
  4877 | D:4      | You are sucked into a shaft and drop 1 floor!
  4877 | D:5      | Entered Level 5 of the Dungeon
  4924 | D:5      | Reached skill level 5 in Maces & Flails
  5108 | D:5      | Noticed a necrophage
  5125 | D:5      | Killed a necrophage
  5135 | D:5      | Reached XP level 7. HP: 60/72 MP: 11/11
  5501 | D:4      | Noticed Blork the orc
  5513 | D:4      | HP: 3/72 [Blork the orc/magic dart (9)]
  5516 | D:4      | Mangled by Blork the orc

Illustrated notes

Levels and vault maps discovered:
D:1:      saegor_arrival_simple_e, layout_rooms
D:2:      layout_basic, minmay_circle_x, uniq_terence
D:3:      layout_loops_ring, minmay_surrounded, uniq_natasha
D:4:      corexii_shack_village, layout_basic, pdpol_wu_jian_five_deadly_venoms,
          uniq_ijyb, uniq_blork_the_orc
D:5:      layout_rooms, temple_hall, hangedman_decor_opposing

Skill      XL: |  1  2  3  4  5  6 |
---------------+-------------------+-----
Maces & Flails | 2 3 4 5 |  5.8
Fighting       | 3 4 5 |  5.0
Spellcasting   | 3 |  3.0
Throwing       | |  1.0
Dodging        | |  2.1
Translocations | |  2.6

Action                   |  1- 3 |  4- 6 |  7- 9 || total
-------------------------+-------+-------+-------++-------
Melee: Mace              |   112 |    67 |       ||   179
       Flail             |       |   121 |     9 ||   130
       Trident           |       |     8 |     2 ||    10
 Fire: Hunting sling     |       |     4 |       ||     4
Throw: Boomerang         |     5 |     3 |       ||     8
       Dart              |       |     5 |     3 ||     8
 Cast: Blink             |     3 |     2 |       ||     5
       Teleport Other    |       |     2 |       ||     2
Evoke: Wand              |       |     3 |       ||     3
  Use: Scroll            |     7 |     1 |       ||     8
       Potion            |       |     1 |       ||     1
 Stab: Sleeping          |     1 |       |       ||     1
Armor: Robe              |    39 |    34 |     1 ||    74
       Skin              |       |    13 |       ||    13
Dodge: Dodged            |    55 |   104 |     3 ||   162

Table legend: (Time is in decaauts)
 A = Elapsed time spent in this place.
 B = Non-inter-level travel time spent in this place.
 C = Inter-level travel time spent in this place.
 D = Time resting spent in this place.
 E = Time spent auto-exploring this place.
 F = Levels seen in this place.
 G = Mean time per level.
                   A        B        C        D        E       F      G
               +--------+--------+--------+--------+--------+-----+--------+
         Total |   5589 |   5315 |    274 |   2311 |   1709 |   5 | 1117.8 |
       Dungeon |   5589 |   5315 |    274 |   2311 |   1709 |   5 | 1117.8 |
               +--------+--------+--------+--------+--------+-----+--------+

Top non-repeatable levels by time:
     D:2: 1977 daAuts
     D:3: 1630 daAuts
     D:1: 938 daAuts
     D:4: 622 daAuts
     D:5: 421 daAuts
